 Dungeon Sprint DCSS version 0.31-a0-656-gb4d89c20fa (webtiles) character file.

Game seed: 18035859208737427368

184 zazu2006 the Grave Robber (level 5, -2/42 HPs)
             Began as a Gnoll Wanderer on Aug 30, 2023.
             Was an Elder of Vehumet.
             Slain by a wraith (12 damage)
             ... in the Dungeon (Sprint VII: "The Pits").
             The game lasted 00:03:23 (511 turns).

zazu2006 the Grave Robber (Gnoll Wanderer)           Turns: 511, Time: 00:03:23

Health: -2/42      AC:  3    Str: 11    XL:     5   Next: 64%
Magic:  13/13      EV: 13    Int: 13    God:    Vehumet [****..]
Gold:   0          SH:  0    Dex: 12    Spells: 14/16 levels left

rFire   . . .        o - +0 long sword (holy)
rCold   . . .        (no shield)
rNeg    . . .        d - +0 robe
rPois   .            (no helmet)
rElec   .            (no cloak)
rCorr   .            b - +0 pair of gloves
SInv    .            (no boots)
Will    .....        (no amulet)
Stlth   +++          (no ring)
HPRegen 0.27/turn    (no ring)
MPRegen 0.13/turn

%: no teleportation
@: slowed, very slow
A: fangs 1, strong nose, distributed training
a: Renounce Religion


You were in the Dungeon.
You worshipped Vehumet.
Vehumet was greatly pleased with you.
You visited 1 branch

Inventory:

Hand Weapons
 j - a +2 dagger of venom
 k - a +2 falchion
 o - a +0 long sword of holy wrath (weapon)
 p - a +2 vampiric scimitar
Armour
 b - a +0 pair of gloves (worn)
 d - a +0 robe (worn)
Scrolls
 i - a scroll of blinking
 l - 2 scrolls of vulnerability
 m - 5 scrolls of amnesia
 n - a scroll of butterflies
Potions
 a - 2 potions of invisibility
 c - 2 potions of haste
 e - 5 potions of curing
 f - 3 potions of heal wounds
 g - 4 potions of magic
 h - 2 potions of berserk rage


   Skills:
 + Level 3.8 Fighting
 + Level 3.8 Short Blades
 + Level 6.0 Long Blades
 + Level 3.8 Axes
 + Level 3.8 Maces & Flails
 + Level 3.8 Polearms
 + Level 3.8 Staves
 + Level 3.8 Ranged Weapons
 + Level 3.8 Throwing
 + Level 4.7 Armour
 + Level 3.8 Dodging
 + Level 5.7 Stealth
 + Level 3.8 Shields
 + Level 3.8 Unarmed Combat
 + Level 6.3 Spellcasting
 + Level 3.1 Conjurations
 + Level 3.1 Hexes
 + Level 3.1 Summonings
 + Level 6.3 Necromancy
 + Level 3.1 Translocations
 + Level 3.1 Transmutations
 + Level 3.1 Fire Magic
 + Level 3.1 Ice Magic
 + Level 3.1 Air Magic
 + Level 3.1 Earth Magic
 + Level 3.1 Poison Magic
 + Level 4.2 Invocations
 + Level 3.8 Evocations
 + Level 3.4 Shapeshifting


You had 14 spell levels left.
You knew the following spells:

 Your Spells              Type           Power      Damage    Failure   Level
a - Necrotise             Necr           80%        1d8       1%          1
b - Shock                 Conj/Air       48%        1d6       1%          1

Your spell library contained the following spells:

 Spells                   Type           Power      Damage    Failure   Level
 Dazzling Flash           Conj/Hex       24%        N/A       3%          3
 Kiss of Death            Conj/Necr      64%        2d10      1%          1
 Animate Dead             Necr           20%        N/A       12%         4


Dungeon Overview and Level Annotations

Branches:
Dungeon (1/1)

Altars:
Ashenzari
Cheibriados
Dithmenos
Elyvilon
Fedhas
Gozag
Hepliaklqana
Kikubaaqudgha
Makhleb
Nemelex Xobeh
Okawaru
Qazlal
Ru
Sif Muna
Trog
Uskayaw
Vehumet
Wu Jian
Xom
Yredelemnul
Zin
The Shining One
Jiyva
Lugonu


Innate Abilities, Weirdness & Mutations

You have very sharp teeth.
Your uncanny sense of smell can sniff out nearby items.
Your experience applies equally to all skills.


Message History

You closely miss the wraith.
The wraith is moderately damaged.
The wraith hits you.
* * * LOW HITPOINT WARNING * * *
The wraith misses you.
You feel much better. The wraith hits you. The wraith drains your vigour!
You feel as though you will be slow longer.
The wraith misses you.
You slash the wraith!
The wraith convulses.
The wraith is severely damaged.
The wraith hits you!
You hit the wraith but do no damage.
The wraith is severely damaged.
The wraith misses you. The wraith hits you!
You barely miss the wraith.
The wraith is severely damaged.
The wraith barely misses you. The wraith hits you!
* * * LOW HITPOINT WARNING * * *
You hit the wraith but do no damage.
The wraith is severely damaged.
The wraith closely misses you.
You feel much better.
The wraith hits you! x2; The wraith drains your vigour!
You feel as though you will be slow longer.
You hit the wraith but do no damage.
The wraith is severely damaged.
The wraith completely misses you.
You barely miss the wraith. Your punch misses the wraith.
You bite the wraith, but do no damage.
The wraith is severely damaged.
The wraith hits you. x2
* * * LOW HITPOINT WARNING * * *
The wraith drains your vigour!
You feel as though you will be slow longer.
You feel much better. The wraith hits you!
You barely miss the wraith.
The wraith is severely damaged.
The wraith hits you!
* * * LOW HITPOINT WARNING * * *
The wraith hits you!
You die...

#.#........##.......#
#[###########.......#
#.......# #########
#.)###..# #.......#
∆∆∆∆ ##.###.##+# ∆
#.......#.+ ∆
#..###..#W# ∆
#.......'@# ∆
###########


You could see a wraith.

Vanquished Creatures
  Blork the orc (D)
  A scorpion (D)
  Jessica (D)
  A white imp (D)
  An adder zombie (D)
  A worm (D)
  An orc (D)
  A ball python (D)
  A bat skeleton (D)
  A bat zombie (D)
  An endoplasm (D)
  A hobgoblin (D)
  3 jackals (D)
  A quokka (D)
  A kobold (D)
  A quokka skeleton (D)
18 creatures vanquished.

Notes
Turn   | Place    | Note
-------+----------+-------------------------------------------
     0 | D        | zazu2006 the Gnoll Wanderer began the quest for the Orb.
     0 | D        | zazu2006 set off with the following items: a +0 falchion, a
                  | +0 pair of gloves, 2 potions of haste, a +0 robe, a potion
                  | of curing, a potion of heal wounds, 2 potions of magic, a
                  | potion of berserk rage, a scroll of blinking; and the
                  | following spells available to memorise: Necrotise, Kiss of
                  | Death, Animate Dead.
     0 | D        | Reached XP level 1. HP: 13/13 MP: 6/6
    61 | D        | Learned a level 1 spell: Necrotise
    81 | D        | Found a bloodstained altar of Trog.
    81 | D        | Found a shimmering blue altar of Sif Muna.
    81 | D        | Found a viscous altar of Jiyva.
    81 | D        | Found a hazy altar of Hepliaklqana.
    81 | D        | Found an opulent altar of Gozag.
    82 | D        | Found a glowing golden altar of the Shining One.
    82 | D        | Found a glowing silver altar of Zin.
    82 | D        | Found a basalt altar of Yredelemnul.
    82 | D        | Found a shimmering altar of Xom.
    82 | D        | Found an ornate altar of the Wu Jian Council.
    82 | D        | Found a sacrificial altar of Ru.
    82 | D        | Found a stormy altar of Qazlal.
    82 | D        | Found an iron altar of Okawaru.
    82 | D        | Found a sparkling altar of Nemelex Xobeh.
    82 | D        | Found a burning altar of Makhleb.
    82 | D        | Found a blossoming altar of Fedhas.
    82 | D        | Found a white marble altar of Elyvilon.
    82 | D        | Found a shadowy altar of Dithmenos.
    82 | D        | Found a snail-covered altar of Cheibriados.
    84 | D        | Found a corrupted altar of Lugonu.
    84 | D        | Found a radiant altar of Vehumet.
    85 | D        | Found an ancient bone altar of Kikubaaqudgha.
    85 | D        | Found a hide-covered altar of Uskayaw.
    85 | D        | Found a broken altar of Ashenzari.
    92 | D        | Became a worshipper of Vehumet
   106 | D        | Noticed a scorpion
   121 | D        | Killed a scorpion
   122 | D        | Reached skill level 5 in Long Blades
   122 | D        | Reached skill level 5 in Spellcasting
   122 | D        | Reached XP level 2. HP: 17/23 MP: 6/8
   122 | D        | Reached XP level 3. HP: 21/28 MP: 7/10
   122 | D        | Reached XP level 4. HP: 26/34 MP: 7/11
   163 | D        | Reached * piety under Vehumet
   163 | D        | Offered knowledge of Shock by Vehumet.
   169 | D        | Learned a level 1 spell: Shock
   181 | D        | Reached skill level 5 in Stealth
   184 | D        | Reached ** piety under Vehumet
   184 | D        | Offered knowledge of Searing Ray by Vehumet.
   350 | D        | Offered knowledge of Dazzling Flash by Vehumet.
   358 | D        | Reached *** piety under Vehumet
   393 | D        | Noticed Blork the orc
   398 | D        | Noticed Jessica
   416 | D        | Killed Blork the orc
   416 | D        | Reached **** piety under Vehumet
   417 | D        | Reached XP level 5. HP: 33/41 MP: 10/13
   420 | D        | Killed Jessica
   489 | D        | Noticed a wraith
   511 | D        | Slain by a wraith

Illustrated notes

Levels and vault maps discovered:
D:        pitsprint [storerooms_1, entrance_room_1, metal_vault_4, armoury_1,
          mini_pit_1, grid_room_1, main_hall_1, silver_pit, the_coven_1,
          the_vestibule_1, steel_vault_3, golden_pit, hallway_of_sentries,
          crystal_vault_1, iron_vault_1, final_vault]

Skill      XL: |  1  2  3  4  5 |
---------------+----------------+-----
Fighting       | 2 3 |  3.8
Short Blades   | 2 3 |  3.8
Long Blades    | 5 6 |  6.0
Axes           | 2 3 |  3.8
Maces & Flails | 2 3 |  3.8
Polearms       | 2 3 |  3.8
Staves         | 2 3 |  3.8
Ranged Weapons | 2 3 |  3.8
Throwing       | 2 3 |  3.8
Armour         | 3 4 |  4.7
Dodging        | 2 3 |  3.8
Shields        | 2 3 |  3.8
Unarmed Combat | 2 3 |  3.8
Spellcasting   | 5 6 |  6.3
Conjurations   | 2 3 |  3.1
Hexes          | 2 3 |  3.1
Summonings     | 2 3 |  3.1
Translocations | 2 3 |  3.1
Transmutations | 2 3 |  3.1
Fire Magic     | 2 3 |  3.1
Ice Magic      | 2 3 |  3.1
Air Magic      | 2 3 |  3.1
Earth Magic    | 2 3 |  3.1
Poison Magic   | 2 3 |  3.1
Invocations    | 2 3 4 |  4.2
Evocations     | 2 3 |  3.8
Shapeshifting  | 2 3 |  3.4
Stealth        | 5 |  5.7
Necromancy     | 6 |  6.3

Action                     |  1- 3 |  4- 6 || total
---------------------------+-------+-------++-------
  Melee: Falchion          |    10 |    30 ||    40
         Dagger            |     2 |    12 ||    14
         Bite              |       |     7 ||     7
         Long sword        |       |    18 ||    18
         Scimitar          |       |     1 ||     1
   Cast: Necrotise         |       |     7 ||     7
         Shock             |       |     3 ||     3
    Use: Potion            |     1 |     4 ||     5
   Stab: Sleeping          |     1 |       ||     1
 Armour: Robe              |     2 |    13 ||    15
  Dodge: Dodged            |     8 |    47 ||    55

Table legend: (Time is in decaauts)
 A = Elapsed time spent in this place.
 B = Non-inter-level travel time spent in this place.
 C = Inter-level travel time spent in this place.
 D = Time resting spent in this place.
 E = Time spent auto-exploring this place.
 F = Levels seen in this place.
 G = Mean time per level.
                   A        B        C        D        E       F      G
               +--------+--------+--------+--------+--------+-----+--------+
         Total |    525 |    525 |      0 |    253 |      1 |   1 |  525.0 |
       Dungeon |    525 |    525 |      0 |    253 |      1 |   1 |  525.0 |
               +--------+--------+--------+--------+--------+-----+--------+

Top non-repeatable levels by time:
       D: 525 daAuts
